 Dungeon Crawl Stone Soup version 0.26.1-11-gd32895ea62 (webtiles) character file.

Game seed: 18219325667146302784

106 Groucho the Sneak (level 4, 0/18 HPs)
             Began as a Felid Venom Mage on July 25, 2021.
             Slain by an ooze (4 damage)
             ... on level 4 of the Dungeon on July 26, 2021.
             The game lasted 00:11:34 (9314 turns).

Groucho the Sneak (Felid Venom Mage)                Turns: 9314, Time: 00:11:34

Health: 0/18       AC:  1    Str: 11    XL:     4   Next: 55%
Magic:  9/9        EV: 18    Int: 17    God:
Gold:   143        SH:  0    Dex: 16    Spells: 2/8 levels left
                                        Lives:  0   Deaths: 1

rFire    . . .     SeeInvis +   (weapon unavailable)
rCold    . . .     Faith    .   (shield unavailable)
rNeg     . . .     Spirit   .   (armour unavailable)
rPois    .         Reflect  .   (helmet unavailable)
rElec    .         Harm     .   (cloak unavailable)
rCorr    .         Rampage  .   (gloves unavailable)
Will     .....                  (boots unavailable)
Stlth    +++.......             (no amulet)
HPRegen  0.06/turn              b - +6 ring of strength
MPRegen  0.11/turn              (no ring)

@: quick
A: very small, no armour, no weapons or thrown items, stealth, claws 1, fangs 3,
see invisible, speed 1, shaggy fur 1, sharp paws
a: no special abilities


You were on level 4 of the Dungeon.
You visited 1 branch of the dungeon, and saw 4 of its levels.

You collected 143 gold pieces.

Inventory:

Jewellery
 b - a +6 ring of strength (left paw)
 k - an uncursed ring of stealth {unknown}
Scrolls
 c - 3 scrolls of identify
 e - a scroll of fear {unknown}
 f - a scroll of remove curse
 g - a scroll of enchant weapon {unknown}
 j - a scroll of magic mapping {unknown}
Potions
 a - 2 potions of curing
 d - a potion of mutation {unknown}
 h - a potion of degeneration {unknown}
 i - 2 potions of lignification


   Skills:
 - Level 2.6 Dodging
 * Level 5.4 Stealth
 + Level 2.9 Spellcasting
 + Level 2.6 Transmutations
 + Level 3.4 Poison Magic


You had 2 spell levels left.
You knew the following spells:

 Your Spells              Type           Power        Failure   Level
a - Sting                 Tmut/Pois      48%          4%          1
b - Poisonous Vapours     Pois/Air       16%          13%         2
c - Mephitic Cloud        Conj/Pois/Air  6%           32%         3

Your spell library contained the following spells:

 Spells                   Type           Power        Failure   Level
 Ignite Poison            Fire/Tmut/Pois 9%           22%         3
 Olgreb's Toxic Radiance  Pois           14%          41%         4


Dungeon Overview and Level Annotations

Branches:
Dungeon (4/15)
 Temple: D:4-7

Altars:

Annotations:
D:4 Grinder


Innate Abilities, Weirdness & Mutations

You cannot wear armour.
You are incapable of wielding weapons or throwing items.
Your paws allow you to move quietly. (Stealth)
You have sharp claws.
You have razor-sharp teeth.
You have supernaturally acute eyesight. (SInv)
You cover ground quickly.
You are covered in fur. (AC +1)
Your sharp claws are effective at attacking unaware monsters.


Message History

Grinder hits you!
Ouch! That really hurt!
You writhe in agony.
* * * LOW HITPOINT WARNING * * *
You can move again.
You feel better.
Grinder blinks!
Grinder closely misses you. Grinder gestures at you.
Pain shoots through your body!
Ouch! That really hurt!
* * * LOW HITPOINT WARNING * * *
Grinder blinks!
Found a stone staircase leading up.
There is an escape hatch in the floor here.
An ooze comes into view.
The ooze quivers.
There is a stone staircase leading up here.
The ooze hits you.
You die...

##.# ..## ## ####.##
...## #.# ##.#.##
#...# #.# #....###
#...##.# ##.##...#
#.....# #.####...
##.....#####.# #...
#.......#...## #...
#..@J...#.#.# ##...
#.##....#.#.# #..##
.. ##..##.#.# ##.###
... #..##.#.. #..#
##. .##
##.##.#####.## #
#...#...#^......####
#.......#######.....
#.......>...##......
....###....####......


You could see an ooze.

Vanquished Creatures
  Jessica (D:3)
  An orc wizard (D:3)
  4 adders
  A white imp (D:3)
  A dart slug (D:1)
  3 leopard geckos
  8 orcs
  4 giant cockroaches
  14 goblins
  8 hobgoblins
  3 quokkas
  A ball python (D:2)
  3 bats
  8 frilled lizards
  8 kobolds
  5 rats
73 creatures vanquished.

Notes
Turn   | Place    | Note
-------+----------+-------------------------------------------
     0 | D:1      | Groucho the Felid Venom Mage began the quest for the Orb.
     0 | D:1      | Reached XP level 1. HP: 7/7 MP: 4/4
   261 | D:1      | Reached skill level 3 in Stealth
   901 | D:1      | Reached XP level 2. HP: 11/11 MP: 6/6
  2569 | D:1      | Learned a level 2 spell: Poisonous Vapours
  2952 | D:1      | Reached XP level 3. HP: 14/14 MP: 4/7
  3207 | D:1      | Learned a level 3 spell: Mephitic Cloud
  3574 | D:2      | Reached skill level 4 in Stealth
  4785 | D:2      | Reached XP level 4. HP: 18/18 MP: 8/8
  5812 | D:3      | Noticed Jessica
  5822 | D:3      | Killed Jessica
  5823 | D:3      | Reached skill level 5 in Stealth
  5823 | D:3      | Reached XP level 5. HP: 21/21 MP: 2/10
  6126 | D:3      | Killed from afar by a white imp
  6127 | D:3      | Reached XP level 4. HP: -9/18 MP: 7/9
  9270 | D:4      | Noticed Grinder
  9278 | D:4      | Paralysed by Grinder for 3 turns
  9314 | D:4      | Slain by an ooze

Illustrated notes

Levels and vault maps discovered:
D:1:      lightli_arrival_statuegarden, layout_basic
D:2:      layout_basic, grunt_decor_clamped, minmay_fountain_box
D:3:      layout_basic, minmay_goblin_outpost, uniq_jessica
D:4:      layout_layer_cave, minivault_19, corner_web_ring, uniq_duvessa,
          uniq_grinder

Skill      XL: |  1  2  3  4 |
---------------+-------------+-----
Stealth        | 3 4 5 |  5.4
Poison Magic   | 3 |  3.4
Transmutations | 2 |  2.6
Dodging        | |  2.6
Spellcasting   | |  2.9

Action                   |  1- 3 |  4- 6 || total
-------------------------+-------+-------++-------
Melee: Unarmed           |    38 |    22 ||    60
       Bite              |     1 |     2 ||     3
 Cast: Sting             |    51 |    46 ||    97
       Poisonous Vapours |     1 |     4 ||     5
  Use: Potion            |     1 |     4 ||     5
       Scroll            |     1 |     1 ||     2
 Stab: Sleeping          |    12 |     4 ||    16
Armor: Skin              |     3 |       ||     3
Dodge: Dodged            |    36 |    37 ||    73
